 Dungeon Crawl Stone Soup version 0.31-a0-691-g409c26aa35 (webtiles) character file.

Game seed: 12143811677656275072

77 qw the Shooter (level 4, -6/28 HPs)
             Began as a Gargoyle Hunter on Sept 6, 2023.
             Mangled by Sigmund
             ... wielding a +2 vampiric scythe
              (11 damage)
             ... on level 2 of the Dungeon.
             The game lasted 00:00:47 (1796 turns).

qw the Shooter (Gargoyle Hunter)                    Turns: 1796, Time: 00:00:47

Health: -6/28      AC:  6    Str: 14    XL:     4   Next: 34%
Magic:  4/4        EV: 12    Int: 10    God:
Gold:   46         SH:  0    Dex: 21    Spells: 3/3 levels left

rFire   . . .        Y - +0 shortbow
rCold   . . .        (shield currently unavailable)
rNeg    + . .        c - +0 leather armour
rPois   inf          (no helmet)
rElec   +            (no cloak)
rCorr   .            (no gloves)
SInv    .            (no boots)
Will    .....        (no amulet)
Stlth   ++           i - +6 ring of dexterity
HPRegen 0.24/turn    (no ring)
MPRegen 0.09/turn

%: no passive effects
@: no status effects
A: sickness immunity, AC +3, negative energy resistance 1, electricity
resistance, torment resistance 1, petrification resistance
a: no special abilities


You were on level 2 of the Dungeon.
You visited 1 branch of the dungeon, and saw 3 of its levels.

You collected 46 gold pieces.


Innate Abilities, Weirdness & Mutations

You are immune to sickness and miasma.
Your stone body is resilient. (AC +3)
You are immune to poison.
You resist negative energy. (rN+)
You are resistant to electric shocks. (rElec)
You are resistant to unholy torment.
You are immune to petrification.


   Skills:
 - Level 3.1 Fighting
 + Level 5.3 Ranged Weapons
 - Level 1.5 Dodging
 - Level 1.1 Stealth


You had 3 spell levels left.
You didn't know any spells.
Your spell library was empty.

Inventory:

Hand Weapons
 Y - a +0 shortbow (weapon)
Armour
 c - a +0 leather armour (worn)
Jewellery
 i - a +6 ring of dexterity (left hand)
Scrolls
 e - a scroll of identify
Potions
 a - a potion of magic {unknown}
 d - a potion of curing {unknown}
 f - a potion of might
 g - a potion of cancellation {unknown}
 h - a potion of degeneration {unknown}

Dungeon Overview and Level Annotations

Branches:
Dungeon (3/15)

Altars:

Shops:
D:1 [

Annotations:
D:2 Sigmund


Message History

You climb downwards.
Level annotation: Sigmund Sigmund hits you with a +2 vampiric scythe!
There is a stone staircase leading up here.
1785 ||| STAIRDANCE Sigmund hits you with a +2 vampiric scythe.
You climb upwards.
There is a stone staircase leading down here.
You shoot an arrow.
The arrow hits Sigmund but does no damage.
Sigmund is moderately wounded.
Sigmund misses you.
You shoot an arrow. The arrow hits Sigmund.
Sigmund is heavily wounded.
Sigmund gestures at you while chanting. You resist with some effort.
You shoot an arrow. The arrow barely misses Sigmund.
Sigmund hits you with a +2 vampiric scythe.
You shoot an arrow. The arrow closely misses Sigmund.
Sigmund barely misses you.
You shoot an arrow. The arrow hits Sigmund!
Sigmund is severely wounded.
You shoot an arrow.
The arrow hits Sigmund but does no damage.
Sigmund is severely wounded.
Sigmund flickers, as though insubstantial.
Sigmund hits you with a +2 vampiric scythe!
You shoot an arrow. The arrow hits Sigmund.
Sigmund is severely wounded.
Sigmund gestures wildly while chanting.
Sigmund flickers and vanishes!
Deactivating autopickup; reactivate with Ctrl-A.
You shoot an arrow.
You hear some strange, mumbled words.
A magic dart appears from out of thin air!
The magic dart hits you. Something barely misses you.
You shoot an arrow. You shoot an arrow. Something hits you!
You die...

####'###.# ######### #.#..
#.....##'###### ###.[
#.....#.......##############..
####.....#............[..........
.........#.......##############.#
.........#.......# ##########.#
.........#.......# #...........
.........#.......#####...........
.........#......@................
.........##.##...{...............
.........##.##..................#
.........'..###.................#
.........#### #..........######.#
....###### #..........# #.# #####
#..........# #.# #..........# #.#
#####'###### #.#


There were no monsters in sight!

Vanquished Creatures
  2 adders (D:2)
  2 worms (D:2)
  3 dart slugs
  5 ball pythons
  5 bats
  5 endoplasms (D:2)
  A goblin (D:1)
  5 hobgoblins
  4 jackals (D:2)
  3 kobolds
  3 quokkas
  A frilled lizard (D:2)
  4 rats
43 creatures vanquished.

Notes
Turn   | Place    | Note
-------+----------+-------------------------------------------
     0 | D:1      | qw the Gargoyle Hunter began the quest for the Orb.
     0 | D:1      | Reached XP level 1. HP: 12/12 MP: 1/1
     0 | D:1      | 0 ||| qw: Version: 0.3-a-76-g4403597
     0 | D:1      | 0 ||| qw: Game counter: 5
     0 | D:1      | 0 ||| qw: Melee chars always use a shield: true
     0 | D:1      | 0 ||| qw: God list: Okawaru
     0 | D:1      | 0 ||| qw: Allow faded altars: false
     0 | D:1      | 0 ||| qw: Do Orc after clearing Dungeon:15 true
     0 | D:1      | 0 ||| qw: Do second Lair branch before Depths: true
     0 | D:1      | 0 ||| qw: Lair rune preference: random
     0 | D:1      | 0 ||| qw: Goals: Normal
     0 | D:1      | 0 ||| PLANNING D:1-11
   126 | D:1      | Found Rukutz's Antique Armour Shop.
   136 | D:1      | Reached XP level 2. HP: 17/17 MP: 2/2
   139 | D:1      | 139 ||| SHOPLISTING fine ring mail (180 gold, have 20).
   139 | D:1      | 139 ||| SHOPLISTING ring mail (80 gold, have 20).
   139 | D:1      | 139 ||| SHOPLISTING runed robe (74 gold, have 20).
   616 | D:1      | 616 ||| READING scroll labelled ILUFUCVAOJI.
   617 | D:1      | 617 ||| READING scroll labelled HOGEWO KEILOAW.
   618 | D:1      | 618 ||| READING scroll labelled NENIK DEMNURA.
   619 | D:1      | 619 ||| READING scroll labelled DUROAWKO UGUC.
   620 | D:1      | 620 ||| DROPPING scroll of butterflies.
   661 | D:2      | Reached XP level 3. HP: 21/21 MP: 3/3
   699 | D:2      | Reached skill level 5 in Ranged Weapons
   747 | D:2      | 747 ||| FLEEEEING.
   748 | D:2      | 748 ||| FLEEEEING.
   749 | D:2      | 749 ||| FLEEEEING.
   750 | D:2      | 750 ||| FLEEEEING.
   766 | D:2      | 766 ||| FLEEEEING.
   781 | D:2      | 781 ||| FLEEEEING.
   944 | D:2      | Reached skill level 3 in Fighting
  1005 | D:2      | Reached XP level 4. HP: 28/28 MP: 4/4
  1582 | D:2      | 1582 ||| UPGRADING to +6 ring of dexterity.
  1583 | D:2      | 1583 ||| READING scroll labelled DICHUL BUIF.
  1588 | D:2      | 1588 ||| DRINKING 2 sapphire potions.
  1623 | D:3      | Noticed Sigmund
  1630 | D:3      | 1630 ||| FLEEEEING.
  1633 | D:3      | 1633 ||| FLEEEEING.
  1634 | D:3      | 1634 ||| FLEEEEING.
  1642 | D:3      | 1642 ||| FLEEEEING.
  1648 | D:3      | 1648 ||| FLEEEEING.
  1649 | D:3      | 1649 ||| FLEEEEING.
  1650 | D:3      | 1650 ||| FLEEEEING.
  1651 | D:3      | 1651 ||| FLEEEEING.
  1652 | D:3      | 1652 ||| FLEEEEING.
  1653 | D:3      | 1653 ||| FLEEEEING.
  1654 | D:3      | 1654 ||| FLEEEEING.
  1655 | D:3      | 1655 ||| STAIRDANCE
  1722 | D:2      | 1722 ||| READING scroll labelled APELITIQAZ.
  1746 | D:3      | 1746 ||| STAIRDANCE
  1748 | D:3      | 1748 ||| STAIRDANCE
  1750 | D:3      | 1750 ||| STAIRDANCE
  1753 | D:3      | 1753 ||| STAIRDANCE
  1785 | D:3      | 1785 ||| STAIRDANCE
  1794 | D:2      | HP: 4/28 [something/magic dart (5)]
  1796 | D:2      | Mangled by Sigmund

Levels and vault maps discovered:
D:1:      eino_arrival_water_cross, layout_basic, serial_shops, shop,
          hangedman_decor_lopped, minmay_misc_feat_encased
D:2:      layout_basic
D:3:      layout_basic, nicolae_ashenzari_panopticon,
          mainiacjoe_overflow_alcove_1, uniq_sigmund

Skill      XL: |  1  2  3 |
---------------+----------+-----
Ranged Weapons | 5 |  5.3
Fighting       | 3 |  3.1
Dodging        | |  1.5
Stealth        | |  1.1

Action                     |  1- 3 |  4- 6 || total
---------------------------+-------+-------++-------
   Fire: Shortbow          |   115 |    41 ||   156
    Use: Scroll            |     4 |     2 ||     6
         Potion            |       |     1 ||     1
 Armour: Leather armour    |    32 |    20 ||    52
  Dodge: Dodged            |    26 |     9 ||    35

Table legend:
 A = Non-vault XP
 B = Vault XP
 C = Vault XP percentage of total XP
 D = Non-vault monster count
 E = Vault monster count
 F = Vault count percentage of total count
                 A         B        C        D         E       F
            +---------+---------+-------+---------+---------+-------
      Total |     111 |       0 |   0.0 |      43 |       0 |   0.0
            +---------+---------+-------+---------+---------+-------
        D:1 |      23 |       0 |   0.0 |      13 |       0 |   0.0
        D:2 |      88 |       0 |   0.0 |      30 |       0 |   0.0
            +---------+---------+-------+---------+---------+-------
